TOP OF THE 1ST |
Quincy Cubs batting - Pitching for Cedar Rapids Cardinals : RHP Craig Chamberlain
|
Pitching: RHP Craig Chamberlain
|
|
Batting: RHB Jack Ayer
|
0-0: Ball 1-0: Ball 2-0: Foul Ball, location: 2F 2-1: Ball 3-1: Swinging Strike 3-2: Base on Balls
|
Batting: RHB Alex Juarez
|
0-0: Ball 1-0: Ball 2-0: TRIPLE (Flyball, 78XD, EV 102.5 MPH) Jack Ayer scores
|
Batting: SHB Willie Perez
|
0-0: Ball 1-0: 2-RUN HOME RUN (Flyball, 7D, EV 106.9 MPH), Distance : 354 ft
|
Batting: RHB Wes Clements
|
0-0: Called Strike 0-1: Called Strike 0-2: Ground out 6-3 (Groundball, 6, EV 100.6 MPH)
|
Batting: RHB Nerio Guerrero
|
0-0: Ball 1-0: Fly out, F9 (Flyball, 9, EV 85.6 MPH)
|
Batting: RHB Billy Best
|
0-0: Ball 1-0: Foul Ball, location: 2F 1-1: Ball 2-1: Ball 3-1: Base on Balls
|
Batting: RHB Jerry Fry
|
0-0: Ball 1-0: Swinging Strike 1-1: Ball 2-1: Ball 3-1: Fly out, F7 (Flyball, 7, EV 95.6 MPH)
|
Top of the 1st over - 3 runs, 2 hits, 0 errors, 1 left on base; Quincy 3 - Cedar Rapids 0 |
BOTTOM OF THE 1ST |
Cedar Rapids Cardinals batting - Pitching for Quincy Cubs : RHP Steve Finch
|
Pitching: RHP Steve Finch
|
|
Batting: RHB Nehames Bernstine
|
0-0: Ball 1-0: Ball 2-0: Fly out, F4 (Flyball, 34D, EV 88.8 MPH)
|
Batting: RHB Reggie D Williams
|
0-0: Fly out, F9 (Flyball, 9D, EV 95.6 MPH)
|
Batting: RHB Winston Ficklin
|
0-0: Ball 1-0: Called Strike 1-1: Ground out 5-3 (Groundball, 5L, EV 104.4 MPH)
|
Bottom of the 1st over - 0 runs, 0 hits, 0 errors, 0 left on base; Quincy 3 - Cedar Rapids 0 |
TOP OF THE 2ND |
Quincy Cubs batting - Pitching for Cedar Rapids Cardinals : RHP Craig Chamberlain
|
Batting: LHB Dennis Mork
|
0-0: Called Strike 0-1: Ball 1-1: Ground out 5-3 (Groundball, 5S, EV 84.4 MPH)
|
Batting: RHB Garry Keeton
|
0-0: Swinging Strike 0-1: Fly out, F9 (Line Drive, 9, EV 98.8 MPH)
|
Batting: RHB Jack Ayer
|
0-0: Called Strike 0-1: Swinging Strike 0-2: Foul Ball, location: 2F 0-2: Ball 1-2: Fly out, F9 (Flyball, 9S, EV 96.9 MPH)
|
Top of the 2nd over - 0 runs, 0 hits, 0 errors, 0 left on base; Quincy 3 - Cedar Rapids 0 |
BOTTOM OF THE 2ND |
Cedar Rapids Cardinals batting - Pitching for Quincy Cubs : RHP Steve Finch
|
Batting: LHB Robert O'Leath
|
0-0: Foul Ball, location: 2F 0-1: SINGLE (Line Drive, 89M, EV 99.4 MPH)
|
Batting: RHB Carson Carroll
|
0-0: Foul Ball, location: 2F 0-1: Fly out, F9 (Flyball, 9, EV 86.9 MPH)
|
Batting: LHB Chris Henry
|
0-0: Foul Ball, location: 2F 0-1: Ball 1-1: Ball 2-1: Reached on error, E4 (Groundball, 34D, EV 109.4 MPH) Robert O'Leath to second
|
Batting: SHB Bryan Hoppie
|
0-0: Called Strike 0-1: Swinging Strike 0-2: Ball 1-2: Strikes out swinging
|
Batting: RHB Dean Kornacker
|
0-0: Called Strike 0-1: Ball 1-1: Ball 2-1: Foul Ball, location: 2F 2-2: SINGLE (Line Drive, 34, EV 97.5 MPH) Robert O'Leath to third Chris Henry to second
|
Batting: SHB Duane Johnson
|
0-0: Ball 1-0: Ball 2-0: Fly out, F4 (Line Drive, 4, EV 66.3 MPH)
|
Bottom of the 2nd over - 0 runs, 2 hits, 1 error, 3 left on base; Quincy 3 - Cedar Rapids 0 |
TOP OF THE 3RD |
Quincy Cubs batting - Pitching for Cedar Rapids Cardinals : RHP Craig Chamberlain
|
Batting: RHB Alex Juarez
|
0-0: Ball 1-0: Fly out, F3 (Popup, 3SF, EV 85.6 MPH)
|
Batting: SHB Willie Perez
|
0-0: Foul Ball, location: 2F 0-1: Ball 1-1: Fly out, F9 (Flyball, 9, EV 96.3 MPH)
|
Batting: RHB Wes Clements
|
0-0: Ball 1-0: SINGLE (Flyball, 8LS, EV 98.1 MPH)
|
Batting: RHB Nerio Guerrero
|
0-0: Called Strike 0-1: Ball 1-1: Ball 2-1: SINGLE (Line Drive, 4MD, EV 97.5 MPH) Wes Clements to second
|
Batting: RHB Billy Best
|
0-0: Called Strike 0-1: Called Strike 0-2: Ball Wild Pitch! Wes Clements to third Nerio Guerrero to second 1-2: Ball 2-2: Strikes out looking
|
Top of the 3rd over - 0 runs, 2 hits, 0 errors, 2 left on base; Quincy 3 - Cedar Rapids 0 |
BOTTOM OF THE 3RD |
Cedar Rapids Cardinals batting - Pitching for Quincy Cubs : RHP Steve Finch
|
Batting: RHB Nehames Bernstine
|
0-0: Ball 1-0: SINGLE (Groundball, 3D, EV 93.8 MPH)
|
Batting: RHB Reggie D Williams
|
0-0: Foul Ball, location: 2F 0-1: Ball 1-1: Swinging Strike 1-2: Fielders Choice at 2nd, 6-4 (Groundball, 56D, EV 81.3 MPH)
|
Batting: RHB Winston Ficklin
|
0-0: Called Strike 0-1: Swinging Strike 0-2: Ball 1-2: Foul Ball, location: 2F 1-2: Strikes out looking
|
Batting: LHB Robert O'Leath
|
0-0: Ball Reggie D Williams steals 2nd base (no throw) 1-0: Ball 2-0: Ball Wild Pitch! Reggie D Williams to third 3-0: Called Strike 3-1: Foul Ball, location: 2F 3-2: Base on Balls
|
Batting: RHB Carson Carroll
|
0-0: Called Strike 0-1: Called Strike 0-2: Fly out, F4 (Popup, 23, EV 92.5 MPH)
|
Bottom of the 3rd over - 0 runs, 1 hit, 0 errors, 2 left on base; Quincy 3 - Cedar Rapids 0 |
TOP OF THE 4TH |
Quincy Cubs batting - Pitching for Cedar Rapids Cardinals : RHP Craig Chamberlain
|
Batting: RHB Jerry Fry
|
0-0: Called Strike 0-1: Ground out 6-3 (Groundball, P, EV 89.4 MPH)
|
Batting: LHB Dennis Mork
|
0-0: Ball 1-0: Foul Ball, location: 2F 1-1: Swinging Strike 1-2: Foul Ball, location: 2F 1-2: Ball 2-2: Foul Ball, location: 2F 2-2: Ball 3-2: Foul Ball, location: 2F 3-2: Foul Ball, location: 2F 3-2: Base on Balls
|
Batting: RHB Garry Keeton
|
0-0: Swinging Strike 0-1: Ball 1-1: Ball 2-1: Fielders Choice at 2nd, 6-4 (Groundball, 6, EV 106.9 MPH)
|
Batting: RHB Jack Ayer
|
0-0: Ball 1-0: Foul Ball, location: 2F 1-1: Ball 2-1: Called Strike 2-2: DOUBLE (Line Drive, 9LM, EV 105.6 MPH) Garry Keeton to third Runner from 3rd tries for Home, SAFE, no throw by RF
|
Batting: RHB Alex Juarez
|
0-0: Fly out, F9 (Flyball, 9LM, EV 66.3 MPH)
|
Top of the 4th over - 1 run, 1 hit, 0 errors, 1 left on base; Quincy 4 - Cedar Rapids 0 |
BOTTOM OF THE 4TH |
Cedar Rapids Cardinals batting - Pitching for Quincy Cubs : RHP Steve Finch
|
Batting: LHB Chris Henry
|
0-0: Called Strike 0-1: Foul Ball, location: 2F 0-2: Ball 1-2: Ball 2-2: Fly out, F8 (Flyball, 8RS, EV 89.4 MPH)
|
Batting: SHB Bryan Hoppie
|
0-0: Ball 1-0: Ball 2-0: Swinging Strike 2-1: Ball 3-1: Swinging Strike 3-2: Foul Ball, location: 2F 3-2: Fly out, F7 (Flyball, 7, EV 83.1 MPH)
|
Batting: RHB Dean Kornacker
|
0-0: Called Strike 0-1: Ball 1-1: Ball 2-1: Ground out 2-3 (Groundball, 15S, EV 69.4 MPH)
|
Bottom of the 4th over - 0 runs, 0 hits, 0 errors, 0 left on base; Quincy 4 - Cedar Rapids 0 |
TOP OF THE 5TH |
Quincy Cubs batting - Pitching for Cedar Rapids Cardinals : RHP Craig Chamberlain
|
Batting: SHB Willie Perez
|
0-0: Ball 1-0: Foul Ball, location: 2F 1-1: Ball 2-1: Foul Ball, location: 2F 2-2: Foul Ball, location: 2F 2-2: Foul Ball, location: 2F 2-2: Ball 3-2: Foul Ball, location: 2F 3-2: Ground out 1-3 (Groundball, 13, EV 65.6 MPH)
|
Batting: RHB Wes Clements
|
0-0: Foul Ball, location: 2F 0-1: Ground out 5-3 (Groundball, 5, EV 87.5 MPH)
|
Batting: RHB Nerio Guerrero
|
0-0: Ground out 4-3 (Groundball, 4S, EV 70.0 MPH)
|
Top of the 5th over - 0 runs, 0 hits, 0 errors, 0 left on base; Quincy 4 - Cedar Rapids 0 |
BOTTOM OF THE 5TH |
Cedar Rapids Cardinals batting - Pitching for Quincy Cubs : RHP Steve Finch
|
Batting: SHB Duane Johnson
|
0-0: Ball 1-0: Foul Ball, location: 2F 1-1: Ball 2-1: Fly out, F5 (Popup, 5, EV 56.3 MPH)
|
Batting: RHB Nehames Bernstine
|
0-0: Ball 1-0: Ground out 4-3 (Groundball, 4S, EV 94.4 MPH)
|
Batting: RHB Reggie D Williams
|
0-0: Called Strike 0-1: Ball 1-1: Ball 2-1: Swinging Strike 2-2: Fly out, F3 (Flyball, 3D, EV 84.4 MPH)
|
Bottom of the 5th over - 0 runs, 0 hits, 0 errors, 0 left on base; Quincy 4 - Cedar Rapids 0 |
TOP OF THE 6TH |
Quincy Cubs batting - Pitching for Cedar Rapids Cardinals : RHP Craig Chamberlain
|
Batting: RHB Billy Best
|
0-0: Called Strike 0-1: Called Strike 0-2: Ball 1-2: Foul Ball, location: 2F 1-2: Ball 2-2: Ball 3-2: Base on Balls
|
Batting: RHB Jerry Fry
|
0-0: Ball Billy Best steals 2nd base 1-0: Fly out, F9 (Flyball, 9D, EV 93.1 MPH) Runner from 2nd tags up, SAFE at 3rd, no throw by RF
|
Batting: LHB Dennis Mork
|
0-0: Called Strike 0-1: Swinging Strike 0-2: Ground out 2-3 (Groundball, 15S, EV 76.9 MPH)
|
Batting: RHB Garry Keeton
|
0-0: Swinging Strike 0-1: Ball 1-1: Ball 2-1: Swinging Strike 2-2: Fly out, F7 (Flyball, 7S, EV 96.3 MPH)
|
Top of the 6th over - 0 runs, 0 hits, 0 errors, 1 left on base; Quincy 4 - Cedar Rapids 0 |
BOTTOM OF THE 6TH |
Cedar Rapids Cardinals batting - Pitching for Quincy Cubs : RHP Steve Finch
|
Batting: RHB Winston Ficklin
|
0-0: Fly out, F4 (Popup, 34, EV 71.9 MPH)
|
Batting: LHB Robert O'Leath
|
0-0: Ball 1-0: Called Strike 1-1: Foul Ball, location: 2F 1-2: Strikes out swinging
|
Batting: RHB Carson Carroll
|
0-0: Ball 1-0: Foul Ball, location: 2F 1-1: Foul Ball, location: 2F 1-2: Foul Ball, location: 2F 1-2: Ball 2-2: Ball 3-2: Ground out 4-3 (Groundball, 4, EV 81.9 MPH)
|
Bottom of the 6th over - 0 runs, 0 hits, 0 errors, 0 left on base; Quincy 4 - Cedar Rapids 0 |
TOP OF THE 7TH |
Quincy Cubs batting - Pitching for Cedar Rapids Cardinals : RHP Craig Chamberlain
|
Batting: RHB Jack Ayer
|
0-0: Ball 1-0: Called Strike 1-1: Called Strike 1-2: Foul Ball, location: 2F 1-2: Ball 2-2: Foul Ball, location: 2F 2-2: Ball 3-2: Ground out 5-3 (Groundball, 56, EV 75.6 MPH)
|
Batting: RHB Alex Juarez
|
0-0: Ball 1-0: Foul Ball, location: 2F 1-1: Fly out, F4 (Popup, 34S, EV 78.8 MPH)
|
Batting: SHB Willie Perez
|
0-0: Ball 1-0: Called Strike 1-1: SINGLE (Line Drive, 8LS, EV 100.0 MPH)
|
Batting: RHB Wes Clements
|
0-0: Ball 1-0: Foul Ball, location: 2F 1-1: Ball 2-1: Ball 3-1: Base on Balls Willie Perez to second
|
Batting: RHB Nerio Guerrero
|
0-0: Called Strike 0-1: Fielders Choice at 2nd, 6-4 (Groundball, 6, EV 89.4 MPH)
|
Top of the 7th over - 0 runs, 1 hit, 0 errors, 2 left on base; Quincy 4 - Cedar Rapids 0 |
BOTTOM OF THE 7TH |
Cedar Rapids Cardinals batting - Pitching for Quincy Cubs : RHP Steve Finch
|
Batting: LHB Chris Henry
|
0-0: Ball 1-0: Swinging Strike 1-1: SINGLE (Groundball, 6D, EV 94.4 MPH)
|
Batting: SHB Bryan Hoppie
|
0-0: Called Strike 0-1: Ball 1-1: Ball 2-1: Foul Ball, location: 2F 2-2: Ball 3-2: Base on Balls Chris Henry to second
|
Batting: RHB Dean Kornacker
|
0-0: Ball 1-0: Grounds into double play, 5-4-3 (Groundball, 56, EV 108.1 MPH) Chris Henry to third
|
Batting: SHB Duane Johnson
|
0-0: Called Strike 0-1: Ball 1-1: Ground out U3 (Groundball, 3L, EV 102.5 MPH)
|
Bottom of the 7th over - 0 runs, 1 hit, 0 errors, 1 left on base; Quincy 4 - Cedar Rapids 0 |
TOP OF THE 8TH |
Quincy Cubs batting - Pitching for Cedar Rapids Cardinals : RHP Craig Chamberlain
|
Batting: RHB Billy Best
|
0-0: Ball 1-0: Ball 2-0: Foul Ball, location: 2F 2-1: Ball 3-1: Swinging Strike 3-2: Base on Balls
|
Batting: RHB Jerry Fry
|
0-0: Ball 1-0: Called Strike 1-1: Swinging Strike 1-2: Ball 2-2: Strikes out swinging
|
Batting: LHB Dennis Mork
|
0-0: Fly out, F6 (Popup, 6M, EV 66.3 MPH)
|
Batting: RHB Garry Keeton
|
0-0: Called Strike 0-1: Foul Ball, location: 2F 0-2: Strikes out swinging
|
Top of the 8th over - 0 runs, 0 hits, 0 errors, 1 left on base; Quincy 4 - Cedar Rapids 0 |
BOTTOM OF THE 8TH |
Cedar Rapids Cardinals batting - Pitching for Quincy Cubs : RHP Steve Finch
|
Batting: RHB Nehames Bernstine
|
0-0: Ground out 5-3 (Groundball, 56, EV 82.5 MPH)
|
Batting: RHB Reggie D Williams
|
0-0: Called Strike 0-1: Swinging Strike 0-2: SOLO HOME RUN (Flyball, 7D, EV 96.9 MPH), Distance : 359 ft
|
Batting: RHB Winston Ficklin
|
0-0: Ball 1-0: Ball 2-0: Called Strike 2-1: Fly out, F9 (Flyball, 9D, EV 100.6 MPH)
|
Batting: LHB Robert O'Leath
|
0-0: Called Strike 0-1: Called Strike 0-2: Ball 1-2: Foul Ball, location: 2F 1-2: Strikes out looking
|
Bottom of the 8th over - 1 run, 1 hit, 0 errors, 0 left on base; Quincy 4 - Cedar Rapids 1 |
TOP OF THE 9TH |
Quincy Cubs batting - Pitching for Cedar Rapids Cardinals : RHP Craig Chamberlain
|
Pitching: RHP Jeffrey Musser
|
|
Batting: RHB Jack Ayer
|
0-0: Ball 1-0: Swinging Strike 1-1: Ball 2-1: Fly out, F9 (Line Drive, 9, EV 91.9 MPH)
|
Batting: RHB Alex Juarez
|
0-0: Ball 1-0: Ball 2-0: Called Strike 2-1: Ball 3-1: Called Strike 3-2: Base on Balls
|
Batting: SHB Willie Perez
|
0-0: Ball 1-0: Ball 2-0: Called Strike 2-1: Foul Ball, location: 2F 2-2: Foul Ball, location: 2F 2-2: Foul Ball, location: 2F 2-2: Foul Ball, location: 2F 2-2: Strikes out looking
|
Batting: RHB Wes Clements
|
0-0: Ball 1-0: Swinging Strike 1-1: Ball 2-1: 2-RUN HOME RUN (Flyball, 78XD, EV 88.8 MPH), Distance : 429 ft
|
Batting: RHB Nerio Guerrero
|
0-0: Reached on error, E5 (Groundball, 56S, EV 83.1 MPH)
|
Batting: RHB Billy Best
|
0-0: Foul Ball, location: 2F 0-1: Ball 1-1: Fly out, F8 (Flyball, 89XD, EV 102.5 MPH)
|
Top of the 9th over - 2 runs, 1 hit, 1 error, 1 left on base; Quincy 6 - Cedar Rapids 1 |
BOTTOM OF THE 9TH |
Cedar Rapids Cardinals batting - Pitching for Quincy Cubs : RHP Steve Finch
|
Batting: RHB Carson Carroll
|
0-0: Ball 1-0: Ball 2-0: Foul Ball, location: 2F 2-1: Fly out, F3 (Popup, 34, EV 73.1 MPH)
|
Batting: LHB Chris Henry
|
0-0: Ball 1-0: Swinging Strike 1-1: Called Strike 1-2: Ball 2-2: Ball 3-2: Fly out, F7 (Line Drive, 7D, EV 100.0 MPH)
|
Batting: SHB Bryan Hoppie
|
0-0: Called Strike 0-1: Ball 1-1: Foul Ball, location: 2F 1-2: SINGLE (Flyball, 5D, EV 94.4 MPH)
|
Batting: RHB Dean Kornacker
|
0-0: Ball 1-0: Swinging Strike 1-1: Ball 2-1: Foul Ball, location: 2F 2-2: Ground out U3 (Groundball, 34, EV 88.8 MPH)
|
Bottom of the 9th over - 0 runs, 1 hit, 0 errors, 1 left on base; Quincy 6 - Cedar Rapids 1 |
|